 Dungeon Crawl Stone Soup version 0.31-a0-542-gdc2a67831c (webtiles) character file.

Game seed: 3684070823485254728

56 arthad the Firebug (level 3, -4/19 HPs)
             Began as a Gargoyle Fire Elementalist on Aug 14, 2023.
             Slain by Sigmund
             ... wielding a +2 scythe of venom
              (5 damage)
             ... on level 2 of the Dungeon.
             The game lasted 00:03:15 (1561 turns).

arthad the Firebug (Gargoyle Fire Elementalist)     Turns: 1561, Time: 00:03:15

Health: -4/19      AC: 10    Str: 11    XL:     3   Next: 95%
Magic:  3/6        EV: 12    Int: 17    God:
Gold:   78         SH:  0    Dex: 10    Spells: 5/6 levels left

rFire   . . .        h - staff of death
rCold   . . .        (no shield)
rNeg    + + .        a - +0 robe
rPois   ∞            (no helmet)
rElec   +            (no cloak)
rCorr   .            (no gloves)
SInv    .            e - +0 pair of boots
Will    .....        (no amulet)
Stlth   ++           f - +4 ring of protection
HPRegen 0.23/turn    (no ring)
MPRegen 0.10/turn

%: no passive effects
@: no status effects
A: sickness immunity, AC +3, negative energy resistance 1, electricity
resistance, torment resistance 1, petrification resistance
a: no special abilities


You were on level 2 of the Dungeon.
You visited 1 branch of the dungeon, and saw 2 of its levels.

You collected 78 gold pieces.

Inventory:

Hand Weapons
 m - a +2 whip of electrocution
Armour
 a - a +0 robe (worn)
 e - a +0 pair of boots (worn)
Magical Staves
 h - a staff of death (weapon)
Jewellery
 f - a +4 ring of protection (left hand)
Scrolls
 c - a scroll of enchant armour {unknown}
 i - a scroll of enchant weapon {unknown}
 j - a scroll of teleportation {unknown}
 l - a scroll of vulnerability {unknown}
Potions
 b - a potion of magic
 d - a potion of degeneration {unknown}
 g - a potion of curing
 k - 2 potions of might {unknown}


   Skills:
 + Level 2.0 Dodging
 + Level 2.9 Stealth
 + Level 2.4 Spellcasting
 + Level 1.9 Conjurations
 + Level 3.4 Fire Magic


You had 5 spell levels left.
You knew the following spells:

 Your Spells              Type           Power      Damage    Failure   Level
a - Foxfire               Conj/Fire      44%        2x1d6     6%          1

Your spell library contained the following spells:

 Spells                   Type           Power      Damage    Failure   Level
 Scorch                   Fire           26%        2d6       7%          2
 Apportation              Tloc           4%         N/A       19%         1
 Necrotise                Necr           12%        1d4       19%         1
 Summon Small Mammal      Summ           8%         N/A       19%         1
 Inner Flame              Hex/Fire       7%         N/A       28%         3
 Volatile Blastmotes      Fire/Tloc      14%        2d11      28%         3
 Flame Wave               Conj/Fire      11%        2d6       52%         4


Dungeon Overview and Level Annotations

Branches:
Dungeon (2/15)

Altars:

Annotations:
D:2 Sigmund


Innate Abilities, Weirdness & Mutations

You are immune to sickness and miasma.
Your stone body is resilient. (AC +3)
You are immune to poison.
You resist negative energy. (rN+)
You are resistant to electric shocks. (rElec)
You are resistant to unholy torment.
You are immune to petrification.


Message History

The ball python bites you. The ball python constricts you.
Sigmund mumbles some strange words.
Sigmund flickers and vanishes!
Deactivating autopickup; reactivate with Ctrl-A.
The ball python misses you. The ball python constricts you.
You conjure some foxfire!
The ball python barely misses you. The ball python constricts you.
The rat barely misses you. Something hits you but does no damage.
You closely miss the rat.
The rat is severely wounded.
The foxfire hits the rat.
You kill the rat!
The ball python bites you but does no damage.
The ball python constricts you.
You hit the ball python but do no damage.
The ball python is severely wounded.
The ball python bites you but does no damage.
The ball python constricts you. Something hits you. The ball python bites you.
The ball python constricts you.
You conjure some foxfire!
Something completely misses you. The ball python barely misses you.
The ball python constricts you.
You closely miss the ball python.
The ball python is severely wounded.
The foxfire hits something. x2
The ball python bites you but does no damage.
The ball python constricts you. Something hits you!
Ouch! That really hurt!
* * * LOW HITPOINT WARNING * * *
You are too injured to fight recklessly!
The ball python's grasp on you weakens, but your attempt to escape fails.
The ball python bites you.
* * * LOW HITPOINT WARNING * * *
The ball python constricts you.
* * * LOW HITPOINT WARNING * * *
The ball python closely misses you. The ball python constricts you.
You escape the ball python's grasp.
Found a stone staircase leading up.
The foxfire hits the ball python.
You kill the ball python!
Something hits you.
You die...

#.###............
#.# ###.####.####
#.# #.# #.....
#.# #.# #..###
#.# #.# #..# #.#
#.# #..# #§# #..
##.## ## #@†.# ..
.........{.# .#
............#
...............
.....$....$.###
.>.........##
..........##
......##<## #.#
#..


There were no monsters in sight!

Vanquished Creatures
  A worm (D:2)
  A dart slug (D:1)
  3 endoplasms (D:1)
  A giant cockroach (D:1)
  8 goblins
  3 hobgoblins (D:1)
  4 jackals (D:1)
  3 quokkas (D:1)
  6 ball pythons
  4 bats (D:1)
  4 frilled lizards (D:1)
  5 kobolds
  6 rats
49 creatures vanquished.

Vanquished Creatures (collateral kills)
  A foxfire (D:1)
1 creature vanquished.

Vanquished Creatures (others)
  123 foxfires
123 creatures vanquished.

Grand Total: 173 creatures vanquished

Notes
Turn   | Place    | Note
-------+----------+-------------------------------------------
     0 | D:1      | arthad the Gargoyle Fire Elementalist began the quest for
                  | the Orb.
     0 | D:1      | Reached XP level 1. HP: 10/10 MP: 3/3
   188 | D:1      | Reached XP level 2. HP: 15/15 MP: 0/5
   580 | D:1      | Reached XP level 3. HP: 19/19 MP: 0/6
  1194 | D:1      | Found a faded altar of an unknown god.
  1548 | D:2      | Noticed Sigmund
  1561 | D:2      | Slain by Sigmund

Illustrated notes

Levels and vault maps discovered:
D:1:      dpeg_arrival_simpleton_c, layout_loops_ring,
          shapermc_ecumenical_altar_mp_ritualfount,
          minmay_misc_feat_secret_circle, minmay_heptomino_w4
D:2:      layout_loops_ring, uniq_sigmund, uniq_natasha

Skill      XL: |  1  2  3 |
---------------+----------+-----
Dodging        | 2 |  2.0
Stealth        | |  2.9
Spellcasting   | |  2.4
Conjurations   | |  1.9
Fire Magic     | |  3.4

Action                     || total
---------------------------++-------
  Melee: Staff             ||    12
         Unarmed           ||     4
   Cast: Foxfire           ||    76
    Use: Potion            ||     1
 Armour: Robe              ||    19
  Dodge: Dodged            ||    26

Table legend: (Time is in decaauts)
 A = Elapsed time spent in this place.
 B = Non-inter-level travel time spent in this place.
 C = Inter-level travel time spent in this place.
 D = Time resting spent in this place.
 E = Time spent auto-exploring this place.
 F = Levels seen in this place.
 G = Mean time per level.
                   A        B        C        D        E       F      G
               +--------+--------+--------+--------+--------+-----+--------+
         Total |   1562 |   1514 |     48 |      0 |   1239 |   2 |  781.0 |
       Dungeon |   1562 |   1514 |     48 |      0 |   1239 |   2 |  781.0 |
               +--------+--------+--------+--------+--------+-----+--------+

Top non-repeatable levels by time:
     D:1: 1384 daAuts
     D:2: 177 daAuts
